 Dungeon Crawl Stone Soup version 0.31-a0-441-g867994ef1c (webtiles) character file.

Game seed: 1309212851607665348

7308 Zonian the Nimble (level 11, -4/80 HPs)
             Began as an Octopode Shapeshifter on Aug 2, 2023.
             Was a Follower of Ashenzari.
             Slain by an orc warrior
             ... wielding a +0 halberd
              (18 damage)
             ... in a bailey.
             The game lasted 00:26:56 (14856 turns).

Zonian the Nimble (Octopode Shapeshifter)          Turns: 14856, Time: 00:26:56

Health: -4/80      AC:  5    Str: 19    XL:     11   Next: 13%
Magic:  11/11      EV: 18    Int: 11    God:    Ashenzari [*.....]
Gold:   544        SH:  0    Dex: 12    Spells: 10/10 levels left

rFire   . .          .
                       - Unarmed
rCold   . . .        (no shield)
rNeg    . . .        (helmet currently unavailable)
rPois   .            (no amulet)
rElec   .            k - ring "Burden of Ashenzari" {AC+4, Self, Range} (curse)
rCorr   .            f - ring of Apeoromancy {SInv, Alch, Bglg} (curse)
SInv    +            (no ring)
Will    .....        (no ring)
Stlth   ++           (no ring)
HPRegen 0.33/turn    (no ring)
MPRegen 0.12/turn    (no ring)
                     (no ring)

%: no passive effects
@: beast-form, studying Dodging
A: beast (slay +5), almost no armour, amphibious, 8 rings, camouflage 1,
gelatinous body 1, (nimble swimmer 1), tentacles
a: Begin Untransformation, Renounce Religion, Curse Item, Shatter the Chains


You were in a bailey.
You worshipped Ashenzari.
Ashenzari was aware of your devotion.
You were a hulking beast.
You visited 1 branch of the dungeon, and saw 9 of its levels.
You also visited: Ossuary and Bailey.

You collected 544 gold pieces.

Inventory:

Armour
 y - an orb of energy
Jewellery
 f - the cursed ring of Apeoromancy (right tentacle) {SInv, Alch, Bglg}
   (You found it on level 4 of the Dungeon)

   [ring of see invisible]

   SInv:      It lets you see invisible.
   It has a curse which improves the following skills: Alchemy: Poison Magic and
   Transmutations.
   Beguiling: Conjurations, Hexes and Translocations.
 k - the cursed ring "Burden of Ashenzari" (left tentacle) {AC+4, Self, Range}
   (You found it on level 2 of the Dungeon)

   [ring of protection]

   AC:        It affects your AC (+4).
   It has a curse which improves the following skills: Introspection: Fighting
   and Spellcasting.
   Ranged Combat: Ranged Weapons and Throwing.
Talismans
 b - a beast talisman (active)
 d - a serpent talisman
 h - a storm talisman
 w - a granite talisman
Wands
 u - a wand of roots (7)
 x - a wand of quicksilver (9)
Scrolls
 e - 2 scrolls of enchant weapon
 i - 3 scrolls of vulnerability
 o - 3 scrolls of enchant armour
 q - a scroll of brand weapon
 r - 2 scrolls of fog
 t - a scroll of teleportation
 v - a scroll of blinking
Potions
 a - a potion of lignification
 c - 3 potions of enlightenment
 g - a potion of might
 j - 2 potions of brilliance
 l - a potion of invisibility
 m - 3 potions of mutation
 n - a potion of cancellation
 p - 2 potions of ambrosia
 s - 2 potions of curing


   Skills:
 + Level 8.5(9.3) Fighting
 + Level 11.9 Dodging
 + Level 9.0 Unarmed Combat
 + Level 7.7 Shapeshifting


You had 10 spell levels left.
You didn't know any spells.
Your spell library contained the following spells:

 Spells                   Type           Power      Damage    Failure   Level
 Sublimation of Blood     Necr           0%         N/A       47%         2
 Petrify                  Tmut/Erth      0%         N/A       98%         4
 Irradiate                Conj/Tmut      0%         3d11      100%        5


Dungeon Overview and Level Annotations

Branches:
Dungeon (9/15)             Temple (0/1) D:6         Ossuary (visited)
 Bailey (1/1)
   Lair: D:8-11         Orc: D:9-12

Altars:
Ashenzari
Elyvilon
Qazlal
Ru
Sif Muna
Vehumet
Xom

Shops:
D:7 [

Annotations:
D:2 1 runed translucent door, Crazy Yiuf
D:4 Menkaure


Innate Abilities, Weirdness & Mutations

You are a hulking beast.
Your limbs bulge with bestial killing power. (Slay +5)
You cannot wear most types of armour.
You are amphibious.
You can wear up to eight rings at the same time.
Your skin changes colour to match your surroundings (Stealth+).
Your rubbery body absorbs attacks. (AC +1, EV +1)
((You are camouflaged when in or above water. (Stealth+)))
You have tentacles for arms and can constrict up to eight enemies at once.


Message History

You kill the centaur!
The centaur throws a javelin.
The javelin barely misses you. The orc warrior completely misses you.
Things that are here:
a +0 halberd; 3 javelins; a +0 ring mail The orc warrior hits you from afar with a +0 halberd!
Found a staff of cold and a ring of wizardry.
The orc warrior misses you. The centaur completely misses you.
The centaur kicks you but does no damage.
You tentacle-slap the centaur.
The centaur is lightly wounded.
The centaur hits you with a +0 halberd! The centaur barely misses you.
The orc warrior hits you but does no damage.
The centaur completely misses you. The centaur closely misses you.
You bludgeon the centaur!
The centaur is severely wounded.
The orc warrior hits you from afar with a +0 halberd!!
* * * LOW HITPOINT WARNING * * *
A centaur comes into view. It is wielding a +0 spear.
The centaur hits you with a +0 halberd.
* * * LOW HITPOINT WARNING * * *
The centaur barely misses you.
You barely miss the centaur.
The centaur shouts!
You tentacle-slap the centaur!
The centaur is almost dead.
The centaur barely misses you.
The centaur kicks you but does no damage.
The orc warrior hits you from afar with a +0 halberd.
* * * LOW HITPOINT WARNING * * *
You feel better. The centaur misses you. x2
The orc warrior completely misses you. The centaur misses you.
The centaur completely misses you.
You tentacle-slap the centaur.
You kill the centaur!
The orc warrior completely misses you.
The centaur throws a javelin.
The javelin pierces through you!
* * * LOW HITPOINT WARNING * * *
The orc warrior hits you from afar with a +0 halberd!!
You die...

#####################
##≈≈≈≈≈≈≈≈≈≈≈≈≈≈≈≈≈≈≈#
##≈≈≈≈≈≈≈≈≈≈≈≈≈≈≈≈≈≈≈≈≈
##≈≈≈≈≈≈≈≈.......≈≈≈≈≈≈≈
#≈≈≈≈≈≈≈..≈≈≈≈≈≈≈..≈≈≈≈≈
#≈≈≈≈≈))≈≈≈...).≈≈≈..≈≈≈
#≈≈≈≈)≈≈≈.........≈≈≈.≈≈
#≈≈≈≈)≈.......o.h...≈.≈≈
#≈≈≈.≈≈.⌠.........⌠.≈≈.≈
#≈≈≈)≈.............c.≈.≈
#≈≈.≈≈....≈≈≈≈≈≈≈....≈≈.
#####...≈≈≈~~~~o≈≈≈...≈.
'......≈≈≈~≈≈≈≈≈~~≈≈..≈.
'.))...≈≈≈~~?=|≈≈≈~~....
)......≈≈≈~≈≈≈≈≈~~≈≈..≈.
#####)..≈≈≈~~


You could see 2 orc warriors and a centaur.

Vanquished Creatures
  A deep elf pyromancer (D:7)
  Pikel (D:5)
  An elephant (D:9)
  A hornet (D:9)
  Prince Ribbit (D:6)
  2 wyverns (D:9)
  A steam dragon (D:7)
  Edmund (D:6)
  A sky beast (D:8)
  2 black bears
  8 orc warriors
  2 ice beasts
  An ogre (D:5)
  A lemure (D:6)
  10 centaurs
  Blork the orc (D:5)
  An elf zombie (Ossuary)
  A kobold brigand (D:7)
  2 bullfrogs
  2 scorpions (D:5)
  13 wights
  6 killer bees (D:7)
  4 centaur zombies (Ossuary)
  8 orc priests
  8 hounds
  2 jellies
  4 gnoll boudas
  5 sleepcaps
  Terence (D:2)
  2 iguanas (D:6)
  8 orc wizards
  An ogre zombie (Ossuary)
  8 mummies
  11 gnolls
  6 adders
  2 shadow imps
  5 white imps
  An ufetubus (D:6)
  4 adder zombies (Ossuary)
  2 worms (D:3)
  3 dart slugs
  44 orcs
  8 endoplasms
  3 giant cockroaches
  6 goblins
  9 hobgoblins
  5 jackals
  4 quokkas
  3 ball pythons
  11 bats
  A frilled lizard (D:1)
  4 goblin zombies (Ossuary)
  5 hobgoblin zombies
  10 kobolds
  2 kobold zombies
  An orc zombie (Ossuary)
  4 quokka zombies (Ossuary)
  8 rats
  6 rat zombies (Ossuary)
279 creatures vanquished.

Notes
Turn   | Place    | Note
-------+----------+-------------------------------------------
     0 | D:1      | Zonian the Octopode Shapeshifter began the quest for the
                  | Orb.
     0 | D:1      | Reached XP level 1. HP: 13/13 MP: 1/1
   306 | D:1      | Reached XP level 2. HP: 8/18 MP: 2/2
  1332 | D:2      | Noticed Terence
  1623 | D:2      | Identified the +4 hammer "Qequr" {protect, rPois Str-4
                  | Dex+5 SInv}
  1631 | D:2      | Found a runed translucent door.
  1632 | D:2      | Noticed Crazy Yiuf
  1775 | D:2      | Reached XP level 3. HP: 23/23 MP: 3/3
  2222 | D:2      | Killed Terence
  2223 | D:2      | Reached XP level 4. HP: 29/29 MP: 4/4
  2721 | D:2      | Identified a scroll of acquirement
  2721 | D:2      | Acquired a manual of Dodging
  2966 | D:3      | Reached skill level 3 in Dodging
  3039 | D:3      | Reached XP level 5. HP: 34/34 MP: 5/5
  3356 | D:3      | Found a broken altar of Ashenzari.
  3377 | D:3      | Became a worshipper of Ashenzari the Shackled
  3793 | D:4      | Found a stormy altar of Qazlal.
  3811 | D:4      | Noticed Menkaure
  3852 | D:4      | Identified the +4 short sword "Gedghinu" {pain, Will- Str+7
                  | Dex+3 Stlth-}
  4014 | D:4      | Reached XP level 6. HP: 41/41 MP: 6/6
  4104 | D:4      | Found a radiant altar of Vehumet.
  4174 | D:4      | You fall into a shaft and drop 1 floor!
  4174 | D:5      | Entered Level 5 of the Dungeon
  4193 | D:5      | Found a shimmering blue altar of Sif Muna.
  4244 | D:5      | Noticed a black bear
  4254 | D:5      | Killed a black bear
  4255 | D:5      | Reached skill level 4 in Dodging
  4450 | D:5      | Found a white marble altar of Elyvilon.
  4647 | D:5      | Noticed Blork the orc
  4660 | D:5      | Killed Blork the orc
  4661 | D:5      | Reached XP level 7. HP: 18/47 MP: 7/7
  4882 | D:5      | Reached skill level 5 in Dodging
  5200 | D:5      | Reached * piety under Ashenzari
  5645 | D:5      | Reached skill level 5 in Unarmed Combat
  5828 | D:5      | Reached skill level 6 in Dodging
  6186 | D:6      | Reached XP level 8. HP: 55/55 MP: 8/8
  6376 | D:6      | Found a sand-covered staircase.
  6383 | Ossuary  | Entered an ossuary
  6565 | Ossuary  | Reached skill level 5 in Shapeshifting
  6751 | Ossuary  | Reached skill level 7 in Dodging
  6902 | Ossuary  | Reached skill level 5 in Fighting
  7155 | D:6      | Noticed Prince Ribbit
  7162 | D:6      | Noticed Pikel
  7166 | D:6      | Killed Prince Ribbit
  7167 | D:6      | Reached XP level 9. HP: 42/62 MP: 9/9
  7174 | D:6      | Noticed Edmund
  7177 | D:6      | Found a staircase to the Ecumenical Temple.
  7628 | D:6      | Killed Edmund
  7629 | D:6      | Reached skill level 8 in Dodging
  7634 | D:5      | Killed Pikel
  8622 | D:7      | Reached skill level 9 in Dodging
  9875 | D:7      | Found a sacrificial altar of Ru.
  9964 | D:7      | Identified the +4 dagger "Gram" {speed, Will+ Int+2 Dex+3}
 10742 | D:7      | Found Otyalics's Armour Emporium.
 10811 | D:7      | Reached XP level 10. HP: 71/71 MP: 10/10
 10847 | D:7      | Found a shimmering altar of Xom.
 10871 | D:7      | Noticed a deep elf pyromancer
 10889 | D:7      | Killed a deep elf pyromancer
 10890 | D:7      | Reached skill level 10 in Dodging
 11203 | D:7      | Identified the +3 chain mail of the Tundras {Int+5}
 13256 | D:9      | Noticed an elephant
 13267 | D:9      | Reached skill level 11 in Dodging
 13394 | D:9      | Identified the +8 dagger "Pabuyhip" {drain, rElec Str+4
                  | Dex-4 SInv}
 13441 | D:9      | Killed an elephant
 13456 | D:9      | Found a flagged portal.
 13468 | Bailey   | Entered a bailey
 13896 | Bailey   | Reached XP level 11. HP: 32/80 MP: 11/11
 14856 | Bailey   | Slain by an orc warrior

Illustrated notes

Levels and vault maps discovered:
D:1:      kilobyte_arrival_exit_the_forest, layout_basic, minivault_25
D:2:      layout_basic, uniq_terence, uniq_crazy_yiuf_cottage
D:3:      kb_forest_paths, layout_rooms, nicolae_ashenzari_skybound
D:4:      layout_loops_cross, grunt_qazlal_sundering, fiery_altar_vehumet,
          grunt_decor_one_mirror, minmay_between, uniq_menkaure, uniq_eustachio
D:5:      layout_gridville, mainiacjoe_overflow_24_doors, elyvilon_altar_1,
          patterned_corridor, uniq_blork_the_orc
D:6:      minmay_spotlight, layout_basic, minmay_temple_entry_junction,
          nicolae_ossuary_entry_giza, minmay_misc_feat_iff,
          kennysheep_generic_room_6, uniq_edmund, uniq_pikel,
          uniq_prince_ribbit1
D:7:      layout_loops_ring, overflow_temple_1_default,
          mainiacjoe_overflow_small_starburst, serial_shops,
          nicolae_shop_real_fake_doors, dk_noncrumbling_4, minmay_microvault
D:8:      layout_basic
D:9:      layout_big_octagon, mainiacjoe_overflow_alcove_4, david_lair_generic,
          serial_gnoll_camp, gnoll_camp_mini_basic, gnoll_camp_huts_basic,
          gnoll_camp_medium_02, gnoll_camp_mini_loothouse, enter_bailey_5,
          due_unseen_surprise
Bailey:   bailey_polearm_flooded_kennysheep, bailey

Skill      XL: |  1  2  3  4  5  6  7  8  9 10 11 |
---------------+----------------------------------+-----
Fighting       | 2 3 4 5 6 8 |  8.5
Dodging        | 3 4 6 7 9 11 | 11.9
Unarmed Combat | 4 5 6 7 8 9 |  9.0
Shapeshifting  | 4 5 6 7 |  7.7

Action                     |  1- 3 |  4- 6 |  7- 9 | 10-12 || total
---------------------------+-------+-------+-------+-------++-------
  Melee: Unarmed           |    60 |   110 |   272 |   199 ||   641
         Constrict         |    14 |    22 |    70 |    48 ||   154
         Tentacles         |     6 |    20 |    74 |    56 ||   156
         Punch             |       |     2 |    13 |    15 ||    30
 Invoke: Curse Item        |       |     1 |     1 |       ||     2
    Use: Scroll            |       |    11 |     5 |     1 ||    17
         Potion            |       |       |     7 |     2 ||     9
   Stab: Sleeping          |     6 |     9 |    15 |     2 ||    32
 Armour: Skin              |     4 |    30 |    54 |    32 ||   120
  Dodge: Dodged            |    27 |    48 |   193 |   238 ||   506

Table legend: (Time is in decaauts)
 A = Elapsed time spent in this place.
 B = Non-inter-level travel time spent in this place.
 C = Inter-level travel time spent in this place.
 D = Time resting spent in this place.
 E = Time spent auto-exploring this place.
 F = Levels seen in this place.
 G = Mean time per level.
                   A        B        C        D        E       F      G
               +--------+--------+--------+--------+--------+-----+--------+
         Total |  14793 |  14426 |    367 |   6835 |   4810 |  11 | 1344.8 |
       Dungeon |  12851 |  12484 |    367 |   5861 |   4678 |   9 | 1427.9 |
       Ossuary |    565 |    565 |      0 |    103 |    108 |   1 |  565.0 |
        Bailey |   1376 |   1376 |      0 |    871 |     24 |   1 | 1376.0 |
               +--------+--------+--------+--------+--------+-----+--------+

Top non-repeatable levels by time:
     D:7: 2756 daAuts
     D:5: 2615 daAuts
     D:8: 1844 daAuts
     D:1: 1376 daAuts
  Bailey: 1376 daAuts
     D:2: 1233 daAuts
     D:6: 1210 daAuts
     D:3: 837 daAuts
     D:4: 716 daAuts
 Ossuary: 565 daAuts
     D:9: 260 daAuts
